cohdb
Replays
Latest Replays
All Replays
Popular Replays
Top Player Replays
Match Explorer
How It Works
Community
CoH3 Stats
Reddit
Sign in to upload your games and track your stats! →
Sign in with Steam
Match 42654378
Unlisted
Match 42654378
Overview
Messages
Build Orders
End
Construct Infanterie Kompanie
Kettenkrad Recon Vehicle
Grenadier Squad
Grenadier Squad
MG 42 Machine Gun Team
Construct Luftwaffe Kompanie
221 Scout Car
Support Elements
Medical Station
Wirbelwind Flakpanzer
Jäger Squad
GrW 34 Mortar Team
Wirbelwind Flakpanzer
Selects Breakthrough Battlegroup
Selects Rapid Production
Selects Blitzkrieg
Jäger Squad
Construct Panzer Kompanie
Sturmpanzer IV Brummbär
Marder III M Tank Destroyer
Selects Tiger Heavy Tank
Stoßtruppen Squad
Nick_The_Great
Doongie
Porygon
Comoko
0
0
Comments
sign in to comment!
No comments posted yet!